 Dungeon Crawl Stone Soup version 0.24.1-14-gf8d2b509d9 (webtiles) character file.

Game seed: 2277812274105199214, levelgen mode: deterministic

271 GimliDwarf the Stinger (level 6, -3/32 HPs)
             Began as a Tengu Venom Mage on May 25, 2023.
             Slain by a big kobold zombie (4 damage)
             ... in an ossuary.
             The game lasted 00:19:41 (4584 turns).

GimliDwarf the Stinger (Tengu Venom Mage)           Turns: 4584, Time: 00:19:42

Health: -3/32      AC:  3    Str:  9    XL:     6   Next: 23%
Magic:  11/11      EV: 16    Int: 17    God:
Gold:   220        SH:  0    Dex: 14    Spells: 1/11 levels left

rFire    . . .     SeeInvis .   d - +2 whip (venom)
rCold    . . .     Gourm    .   (no shield)
rNeg     . . .     Faith    .   a - +1 robe
rPois    .         Spirit   .   (helmet restricted)
rElec    .         Reflect  .   (no cloak)
rCorr    .         Harm     .   (no gloves)
MR       .....                  (boots unavailable)
Stlth    ++........             (no amulet)
HPRegen  0.10/turn              (no ring)
MPRegen  0.12/turn              (no ring)

@: marked, flying quickly and evasively, quick
A: beak, talons 3, able to fly
a: Stop Flying


You were in an ossuary.
You were not hungry.

You visited 1 branch of the dungeon, and saw 5 of its levels.
You also visited: Ossuary.

You collected 220 gold pieces.

Inventory:

Hand Weapons
 d - a +2 whip of venom (weapon)
Missiles
 b - 16 poisoned darts (quivered)
 i - 2 atropa-tipped darts
Armour
 a - a +1 robe (worn)
 l - a +0 pair of gloves
Jewellery
 n - an uncursed ring of ice {unknown}
Wands
 p - a wand of paralysis (1)
Scrolls
 e - 2 scrolls of teleportation
 h - 2 scrolls of enchant armour
 k - 2 scrolls of amnesia
 m - 2 scrolls of remove curse
 q - a scroll of fog {unknown}
Potions
 g - a potion of heal wounds {unknown}
 j - 3 potions of agility
 o - a potion of magic
 s - a potion of brilliance {unknown}
Comestibles
 c - 10 rations


   Skills:
 - Level 0.1 Fighting
 - Level 1.6 Throwing
 + Level 3.2 Dodging
 - Level 2.0 Stealth
 * Level 3.2 Spellcasting
 * Level 2.3 Conjurations
 * Level 2.1 Air Magic
 * Level 4.5 Poison Magic


You had one spell level left.
You knew the following spells:

 Your Spells              Type           Power        Failure   Level  Hunger
a - Sting                 Conj/Pois      ##..         4%          1    None
b - Poisonous Vapours     Pois/Air       ##....       6%          2    ##.....
c - Mephitic Cloud        Conj/Pois/Air  ##......     14%         3    ###....
d - Olgreb's Toxic Radia  Pois           ###.....     26%         4    ####...

Your spell library contained the following spells:

 Spells                   Type           Power        Failure   Level  Hunger
 Venom Bolt               Conj/Pois      ##........   75%         5    ######.


Dungeon Overview and Level Annotations

Branches:
Dungeon (5/15)            Ossuary (1/1)
 Temple: D:4-7

Altars:
Fedhas

Annotations:
D:4 2 runed translucent doors, cstieg1's ghost, amateur TeCj


Innate Abilities, Weirdness & Mutations

You have a beak for a mouth.
You have claws for feet.
You can fly continuously.


Message History

The mummy is heavily damaged.
You hit the big kobold zombie. Your kick misses the big kobold zombie.
The big kobold zombie is lightly damaged.
The big kobold zombie hits you. The mummy barely misses you.
The big kobold zombie hits you.
You barely miss the big kobold zombie. The mummy misses you.
The big kobold zombie hits you. x2
* * * LOW HITPOINT WARNING * * *
The big kobold zombie misses you. The big kobold zombie hits you.
* * * LOW HITPOINT WARNING * * *
The big kobold zombie barely misses you.
The centaur zombie misses you. The big kobold zombie misses you.
The hobgoblin zombie barely misses you.
You barely miss the big kobold zombie. You peck the big kobold zombie.
The big kobold zombie is moderately damaged.
The centaur zombie hits you.
* * * LOW HITPOINT WARNING * * *
The big kobold zombie hits you.
You die...

#....^..#
##..Z..##
#.......#
##.^...##
#....Z#
#.....#
#..∩..#
#...ZZ#
#.ZMZ@#
#...Z.#
#..ZM.#
#.....#
#.....#
##...##
#####


You could see 2 mummies, 2 hobgoblin zombies, 5 big kobold zombies and a centaur
zombie.

Vanquished Creatures
  An ogre (D:2)
  Ijyb (D:4)
  A worker ant (D:4)
  3 gnolls (D:5)
  3 adders
  An adder zombie (D:5)
  5 worms
  2 dart slugs
  A leopard gecko (D:1)
  An orc (D:3)
  2 giant cockroaches (D:1)
  3 goblins
  7 hobgoblins
  A quokka (D:2)
  9 bats
  8 frilled lizards
  11 kobolds
  A leopard gecko zombie (D:5)
  11 rats
72 creatures vanquished.

Notes
Turn   | Place    | Note
-------+----------+-------------------------------------------
     0 | D:1      | GimliDwarf the Tengu Venom Mage began the quest for the
                  | Orb.
     0 | D:1      | Reached XP level 1. HP: 10/10 MP: 4/4
   246 | D:1      | Reached XP level 2. HP: 15/15 MP: 4/6
   252 | D:1      | Learned a level 2 spell: Poisonous Vapours
   958 | D:1      | Reached XP level 3. HP: 19/19 MP: 4/7
  1038 | D:2      | Noticed an ogre
  1046 | D:2      | Killed an ogre
  1046 | D:2      | Reached skill level 1 in Throwing
  1046 | D:2      | Reached skill level 4 in Poison Magic
  1046 | D:2      | Reached XP level 4. HP: 23/24 MP: 1/8
  1292 | D:2      | Gained mutation: You can fly continuously. [Tengu growth]
  1292 | D:2      | Reached XP level 5. HP: 28/28 MP: 7/10
  1686 | D:2      | Learned a level 3 spell: Mephitic Cloud
  2758 | D:3      | Reached skill level 1 in Air Magic
  3493 | D:4      | Noticed Ijyb
  3504 | D:4      | Killed Ijyb
  3744 | D:4      | Found a large runed translucent door.
  3745 | D:4      | Found a large runed translucent door.
  3747 | D:4      | Noticed cstieg1's ghost (amateur TeCj)
  3832 | D:4      | Reached XP level 6. HP: 26/32 MP: 8/11
  4036 | D:3      | Learned a level 4 spell: Olgreb's Toxic Radiance
  4224 | D:5      | Entered Level 5 of the Dungeon
  4253 | D:5      | Found a blossoming altar of Fedhas.
  4253 | D:5      | Noticed a sky beast
  4531 | D:5      | Found a sand-covered staircase.
  4539 | Ossuary  | Entered an ossuary
  4584 | Ossuary  | HP: 1/32 [centaur zombie (6)]
  4584 | Ossuary  | Slain by a big kobold zombie

Levels and vault maps discovered:
D:1:      minmay_arrival_solitary_statue, layout_loops_corners
D:2:      wad_crossroads, layout_basic
D:3:      layout_basic, serial_bayou_crossing
D:4:      layout_basic, ebering_ghost_disaster_area, first_ration, uniq_ijyb
D:5:      layout_loops_corners, grunt_temple_overflow_forces_of_nature,
          nicolae_ossuary_entry_plus
Ossuary:  ossuary_the_hunt_dpeg

Skill      XL: |  1  2  3  4  5  6 |
---------------+-------------------+-----
Throwing       | 1 |  1.6
Poison Magic   | 4 |  4.5
Dodging        | 3 |  3.2
Conjurations   | 2 |  2.3
Spellcasting   | 3 |  3.2
Air Magic      | 1 2 |  2.1
Fighting       | |  0.1
Stealth        | |  2.0

Action                   |  1- 3 |  4- 6 || total
-------------------------+-------+-------++-------
Melee: Whip              |       |    21 ||    21
       Kick              |       |     6 ||     6
       Peck              |       |     4 ||     4
Throw: Dart              |    28 |    33 ||    61
 Cast: Sting             |    31 |    43 ||    74
       Poisonous Vapours |     2 |    38 ||    40
       Mephitic Cloud    |       |     1 ||     1
 Abil: Fly               |       |     1 ||     1
  Use: Scroll            |       |    12 ||    12
       Potion            |       |     2 ||     2
  Eat: Ration            |     1 |     3 ||     4
Armor: Robe              |     2 |    11 ||    13
Dodge: Dodged            |    10 |    42 ||    52
